 Dungeon Crawl Stone Soup version 0.27-a0-1202-ge72e49191c (webtiles) character file.

Game seed: 2146791948760051255

2830 Kinoniko the Slicer (level 9, -4/45 HPs)
             Began as a Spriggan Berserker on June 3, 2021.
             Was an Elder of Trog.
             Slain by an unseen horror (9 damage)
             ... on level 8 of the Dungeon.
             The game lasted 00:09:33 (11170 turns).

Kinoniko the Slicer (Spriggan Berserker)           Turns: 11170, Time: 00:09:34

Health: -4/45      AC:  2    Str: 14    XL:     9   Next: 45%
Magic:  10/10      EV: 22    Int:  8    God:    Trog [****..]
Gold:   360        SH:  9    Dex: 17    Spells: 8/8 levels left

rFire    . . .     SeeInvis +   a - +0 short sword
rCold    . . .     Faith    +   m - +2 buckler
rNeg     . . .     Spirit   .   b - +0 animal skin
rPois    .         Reflect  .   (helmet restricted)
rElec    .         Harm     .   (no cloak)
rCorr    .         Rampage  .   (gloves unavailable)
Will     +....                  (boots unavailable)
Stlth    ++........             q - amulet of faith
HPRegen  0.15/turn              (no ring)
MPRegen  0.12/turn              (no ring)

@: on berserk cooldown, slowed, quick
A: very small, no large weapons, unfitting armour, see invisible, speed 3
a: Renounce Religion, Berserk, Trog's Hand, Brothers in Arms


You were on level 8 of the Dungeon.
You worshipped Trog.
Trog was greatly pleased with you.
You visited 1 branch of the dungeon, and saw 8 of its levels.

You collected 578 gold pieces.
You spent 218 gold pieces at shops.

Inventory:

Hand Weapons
 a - a +0 short sword (weapon)
Armour
 b - a +0 animal skin (worn)
 m - a +2 buckler (worn)
Jewellery
 q - an amulet of faith (around neck)
 A - an amulet of reflection
 D - a ring of magical power
Wands
 f - a wand of charming (4)
 k - a wand of digging (5)
 n - a wand of acid (9)
 o - a wand of paralysis (11)
 v - a wand of flame (19)
 y - a wand of polymorph (19)
Scrolls
 j - a scroll of immolation
 l - a scroll of blinking {unknown}
 p - a scroll of enchant weapon {unknown}
 r - 3 scrolls of teleportation
 w - a scroll of summoning
 B - a scroll of identify
 E - a scroll of vulnerability {unknown}
 F - a scroll of acquirement {unknown}
Potions
 c - 5 potions of haste
 d - 2 potions of ambrosia
 e - a potion of mutation
 g - 2 potions of brilliance
 h - 2 potions of flight
 i - a potion of lignification {unknown}
 s - 2 potions of curing
 t - 4 potions of heal wounds {unknown}
 u - a potion of resistance {unknown}
 x - 2 potions of attraction {unknown}
 z - a potion of invisibility {unknown}
 C - a potion of berserk rage {unknown}


   Skills:
 - Level 3.7 Fighting
 * Level 10.8 Short Blades
 + Level 8.7 Dodging
 + Level 4.2 Shields


You had 8 spell levels left.
You didn't know any spells.
Your spell library was empty.

Dungeon Overview and Level Annotations

Branches:
Dungeon (8/15)             Temple (0/1) D:5
   Lair: D:8-11

Altars:
Elyvilon
Fedhas
Gozag
Kikubaaqudgha
Makhleb
Nemelex Xobeh
Zin
The Shining One

Shops:
D:1 !   D:3 [   D:4 *   D:7 ?

Annotations:
D:3 3 runed translucent doors, losten's ghost, amateur DsSu
D:7 2 transporters


Innate Abilities, Weirdness & Mutations

You are very small and have problems with some larger weapons.
You are too small for most types of armour.
You have supernaturally acute eyesight. (SInv)
You cover ground extremely quickly. (Speed+++)


Message History

You block the unseen horror's attack. The killer bee barely misses you.
You block the orc's attack. The killer bee closely misses you.
You hit the killer bee.
The killer bee is lightly wounded.
The unseen horror misses you. You block the killer bee's attack.
You miss the killer bee.
The killer bee is lightly wounded.
The killer bee misses you. You block the unseen horror's attack.
The killer bee misses you.
A killer bee comes into view.
You puncture the killer bee!
The killer bee is almost dead.
The unseen horror completely misses you.
The killer bee completely misses you. The killer bee misses you.
You closely miss the killer bee.
The killer bee is almost dead.
The unseen horror completely misses you.
You block the killer bee's attack. The killer bee stings you!
* * * LOW HITPOINT WARNING * * *
The orc barely misses you.
You barely miss the killer bee.
The killer bee is almost dead.
The unseen horror misses you. The killer bee closely misses you.
You block the killer bee's attack. You block the orc priest's attack.
Unknown command.
You hit the killer bee.
The killer bee is almost dead.
The killer bee closely misses you.
You barely miss the orc.
You are no longer berserk.
You are exhausted.
You feel yourself slow down. The killer bee misses you.
The unseen horror hits you!
* * * LOW HITPOINT WARNING * * *
The orc barely misses you. The killer bee closely misses you.
You closely miss the orc. The unseen horror misses you.
You block the killer bee's attack.
A killer bee comes into view.
You block the killer bee's attack. The unseen horror hits you!
You die...

###..........
.####'###.##....###.....
..#..............##.....
y............#..........
..#..........#.......#..
#...................#..
#.# #..y..................
...##...yyo#.......##....#
....#...x@o##.............
.......#....#.........####
)....###...##.........####
#.......## ###........##
##.....## ####..........
##...#####............#
..#####.###.#)............
......................#...
.....###..................


You could see an unseen horror (invisible), 4 killer bees, an orc priest and an
orc.

Vanquished Creatures
  A meliai zombie (D:8)
  2 wyverns
  A water moccasin (D:7)
  A sky beast (D:8)
  2 ice beasts (D:6)
  4 ogres
  A necrophage (D:6)
  3 centaurs
  A kobold brigand (D:8)
  A scorpion (D:3)
  A water moccasin skeleton (D:4)
  A wyvern skeleton (D:6)
  4 howler monkeys
  3 hounds
  2 jellies
  3 orc priests
  A bullfrog skeleton (D:5)
  A centaur skeleton (D:7)
  2 scorpion zombies (D:5)
  Jessica (D:2)
  Ijyb (D:4)
  5 iguanas
  Natasha (thrice) (D:2)
  An orc wizard (D:4)
  2 killer bee zombies
  Robin (D:4)
  3 gnolls (D:5)
  11 adders
  A shadow imp (D:8)
  3 worms (D:2)
  22 orcs
  5 endoplasms
  3 giant cockroaches
  18 goblins
  15 hobgoblins
  19 jackals
  5 kobolds
  4 ball pythons
  7 bats
  2 frilled lizards (D:1)
  5 rats
172 creatures vanquished.

Vanquished Creatures (others)
  A plant (D:3)
1 creature vanquished.

Grand Total: 173 creatures vanquished

Notes
Turn   | Place    | Note
-------+----------+-------------------------------------------
     0 | D:1      | Kinoniko the Spriggan Berserker began the quest for the
                  | Orb.
     0 | D:1      | Reached XP level 1. HP: 11/11 MP: 2/2
    56 | D:1      | Reached XP level 2. HP: 16/16 MP: 3/3
   102 | D:1      | Found a faded altar of an unknown god.
   150 | D:1      | Reached skill level 4 in Short Blades
   739 | D:1      | Found Osynag's Distillery.
   831 | D:1      | Reached XP level 3. HP: 19/19 MP: 4/4
   831 | D:1      | Reached ** piety under Trog
  1440 | D:2      | Noticed Jessica
  1444 | D:2      | Killed Jessica
  1495 | D:2      | Reached XP level 4. HP: 24/24 MP: 5/5
  1662 | D:2      | Noticed Natasha
  1676 | D:2      | Killed Natasha
  1677 | D:2      | Reached skill level 5 in Short Blades
  2192 | D:2      | Found a sparkling altar of Nemelex Xobeh.
  2197 | D:2      | Noticed Natasha
  2204 | D:2      | Killed Natasha
  2205 | D:2      | Reached XP level 5. HP: 28/28 MP: 6/6
  2255 | D:2      | Noticed Natasha
  2266 | D:2      | Killed Natasha
  3346 | D:3      | Reached skill level 6 in Short Blades
  3534 | D:3      | Reached XP level 6. HP: 33/33 MP: 7/7
  3704 | D:3      | Found a runed translucent gate.
  3704 | D:3      | Found a runed translucent gate.
  3704 | D:3      | Found a runed translucent gate.
  3709 | D:3      | Noticed losten's ghost (amateur DsSu)
  3834 | D:3      | Found Diemir's Armour Emporium.
  3876 | D:3      | Bought a +0 buckler for 58 gold pieces
  3913 | D:3      | Found a white marble altar of Elyvilon.
  3914 | D:3      | Found a sparkling altar of Nemelex Xobeh.
  3914 | D:3      | Found a blossoming altar of Fedhas.
  3916 | D:3      | Found a glowing silver altar of Zin.
  4422 | D:4      | Found Lach's Assorted Antiques.
  4814 | D:4      | Noticed Ijyb
  4822 | D:4      | Killed Ijyb
  4908 | D:4      | Reached *** piety under Trog
  5125 | D:4      | Noticed Robin
  5145 | D:4      | Killed Robin
  5153 | D:4      | Reached skill level 1 in Shields
  5448 | D:4      | Found an opulent altar of Gozag.
  5686 | D:4      | Reached skill level 5 in Dodging
  5844 | D:4      | Reached skill level 7 in Short Blades
  6121 | D:5      | Entered Level 5 of the Dungeon
  6136 | D:5      | Reached XP level 7. HP: 37/37 MP: 8/8
  7199 | D:5      | Reached skill level 8 in Short Blades
  7420 | D:5      | Found a glowing golden altar of the Shining One.
  7460 | D:5      | Found a staircase to the Ecumenical Temple.
  7474 | D:5      | Reached XP level 8. HP: 38/42 MP: 9/9
  7655 | D:5      | Reached **** piety under Trog
  8950 | D:6      | Reached skill level 9 in Short Blades
  9502 | D:7      | Found Raoxt's Magic Scroll Boutique.
  9537 | D:7      | Bought 2 scrolls of identify for 64 gold pieces
  9537 | D:7      | Bought a scroll of identify for 32 gold pieces
  9537 | D:7      | Bought a scroll of identify for 32 gold pieces
  9537 | D:7      | Bought a scroll of identify for 32 gold pieces
  9824 | D:7      | Reached skill level 10 in Short Blades
  9824 | D:7      | Reached XP level 9. HP: 34/45 MP: 10/10
 10125 | D:7      | Found a burning altar of Makhleb.
 10253 | D:7      | Found an ancient bone altar of Kikubaaqudgha.
 10323 | D:7      | Found a transporter.
 10407 | D:7      | Found a transporter.
 11148 | D:8      | Noticed an unseen horror
 11170 | D:8      | Slain by an unseen horror

Illustrated notes

Levels and vault maps discovered:
D:1:      dpeg_arrival_simpleton_a, layout_basic, basic_ecumenical_altar,
          serial_shops, shop, chequers_mini_garden
D:2:      minmay_spotlight, layout_loops_corners, basic_altar, uniq_jessica,
          uniq_natasha
D:3:      layout_rooms, chequers_temple_overflow_statue_of_worship,
          gammafunk_ghost_split, serial_shops, shop_coins, chequers_big_river,
          kennysheep_generic_room_15
D:4:      kennysheep_goblin_castle, layout_gridville, grunt_gozag_statues,
          serial_shops, nicolae_shop_temple_entry_statues_fountains, uniq_ijyb
D:5:      layout_cave_pools, nicolae_overflow_hidden_temple, temple_statues
D:6:      layout_loops_ring
D:7:      gammafunk_steamed_eel, layout_basic, nicolae_overflow_crystal_walls,
          kiku_gazebo_garden_becter, serial_shops, shop_coins,
          kennysheep_generic_room_14
D:8:      layout_cave_pools, kennysheep_potato

Skill      XL: |  1  2  3  4  5  6  7  8  9 |
---------------+----------------------------+-----
Short Blades   | 4 5 6 7 8 10 | 10.8
Fighting       | 3 |  3.7
Shields        | 1 2 3 4 |  4.2
Dodging        | 5 6 8 |  8.7

Action                   |  1- 3 |  4- 6 |  7- 9 || total
-------------------------+-------+-------+-------++-------
Melee: Short sword       |    98 |   299 |   447 ||   844
Invok: Berserk           |     4 |    15 |    20 ||    39
  Use: Scroll            |       |     8 |     8 ||    16
 Stab: Sleeping          |     4 |     5 |       ||     9
Armor: Animal skin       |     8 |    18 |    18 ||    44
Dodge: Dodged            |    95 |   181 |   216 ||   492
Block: Buckler           |       |    45 |   123 ||   168

Table legend: (Time is in decaauts)
 A = Elapsed time spent in this place.
 B = Non-inter-level travel time spent in this place.
 C = Inter-level travel time spent in this place.
 D = Time resting spent in this place.
 E = Time spent auto-exploring this place.
 F = Levels seen in this place.
 G = Mean time per level.
                   A        B        C        D        E       F      G
               +--------+--------+--------+--------+--------+-----+--------+
         Total |   9368 |   9198 |    170 |   4468 |   3714 |   8 | 1171.0 |
       Dungeon |   9368 |   9198 |    170 |   4468 |   3714 |   8 | 1171.0 |
               +--------+--------+--------+--------+--------+-----+--------+

Top non-repeatable levels by time:
     D:4: 1852 daAuts
     D:2: 1509 daAuts
     D:5: 1445 daAuts
     D:6: 1293 daAuts
     D:1: 1122 daAuts
     D:7: 1005 daAuts
     D:3: 785 daAuts
     D:8: 354 daAuts
